Eagles vs Condors
Created - April 22, 2022 at 19:59
Goals
|
| Eagles |
0 |
1 |
2 |
0 |
0 |
3 |
| Condors |
0 |
3 |
0 |
0 |
1 |
4 |
|
Shots
|
| Eagles |
10 |
11 |
6 |
1 |
3 |
28 |
| Condors |
16 |
10 |
8 |
0 |
3 |
34 |
|
1st period
No Goal
Penalties :
No Penalty
2nd period
1. Condors , Daniel Zaar 17 (Zac Leslie 28) at 0:32
2. Condors , Tyler Bozak 37 (Anton Slepyshev 38) at 8:57
3. Eagles , Tomas Tatar 28 (Nick Cousins 25, Jonathan Marchessault 32) at 13:41
4. Condors , Scott Mayfield 2 (Adam Erne 16, Mark Jankowski 20) at 16:42 (PP)
Penalties :
Carl Gunnarsson (Bak) for Hooking (Minor) at 2:06, Stefan Elliott (Col) for Tripping (Minor) at 15:58
3rd period
5. Eagles , Jonathan Marchessault 15 (Tomas Tatar 26, Stefan Elliott 34) at 12:04 (PP)
6. Eagles , Nick Cousins 14 (Jonathan Marchessault 33, Stefan Elliott 35) at 15:28 (PP)
Penalties :
Connor Hurley (Bak) for Tripping (Minor) at 1:25, Connor Hurley (Bak) for Tripping (Minor) at 6:57, Zac Leslie (Bak) for Holding (Minor) at 11:32, Connor Hurley (Bak) for Hooking (Minor) at 15:18, Connor Carrick (Col) for Hooking (Minor) at 17:41
Overtime #1
No Goal
Penalties :
No Penalty
Shootout
Eagles, Tomas Tatar - Shot Misses the Net
Condors, Tyler Bozak - Stopped by Marek Mazanek
Eagles, Daniel Carr - Shot Misses the Net
Condors, Anton Slepyshev - Stopped by Marek Mazanek
Eagles, Jonathan Marchessault - Stopped by Carter Hart
Condors, Mark Jankowski - Goal!
Penalties :
No Penalty
Goalie Stats
Marek Mazanek (Col), 31 saves from 34 shots - (0.912), OTL, 27-10-5, 65:00 minutes
Carter Hart (Bak), 25 saves from 28 shots - (0.893), W, 24-15-0, 65:00 minutes
Players Stats for Eagles
Player Name G A P +/- PIM S H SB GA TA FO MP PP MP PK MP
------------------------------------------------------------------------------------
Anthony Duclair 0 0 0 0 0 0 0 0 0 0 0/0 7:12 0:00 0:31
Chris Calhan 0 0 0 -1 0 1 0 0 0 0 0/0 13:55 0:00 0:00
Connor Carrick 0 0 0 -1 2 1 1 1 0 1 0/0 11:28 0:00 0:00
Daniel Carr 0 0 0 0 0 0 1 1 0 0 0/0 21:06 3:00 1:46
Drake Caggiula 0 0 0 0 0 1 2 1 0 0 5/12 17:07 3:00 0:09
Jared McCann 0 0 0 -1 0 1 0 0 0 0 2/6 13:55 0:00 0:00
Jarred Tinordi 0 0 0 1 0 4 4 1 0 0 0/0 27:53 4:09 1:47
John Ramage 0 0 0 0 0 0 1 1 0 0 0/0 20:26 2:30 0:56
Jonathan Marchessault 1 2 3 0 0 2 2 1 1 1 13/24 21:10 3:26 0:26
Jonathan Racine 0 0 0 -1 0 0 0 0 0 0 0/0 5:05 0:00 0:00
Joseph Blandisi 0 0 0 -1 0 3 2 1 0 1 1/2 13:55 0:00 0:00
Keaton Middleton 0 0 0 0 0 0 0 0 0 0 0/0 1:05 0:00 0:00
Mark Friedman 0 0 0 -1 0 0 0 0 0 0 0/0 5:05 0:00 0:00
Matteson Iacopelli 0 0 0 0 0 0 0 1 1 0 0/0 16:58 3:00 0:00
Max Lajoie 0 0 0 0 0 0 0 0 0 0 0/0 1:02 0:00 0:36
Michael Dal Colle 0 0 0 0 0 0 0 0 0 0 0/0 0:00 0:00 0:00
Nick Cousins 1 1 2 0 0 5 1 0 2 1 2/3 21:19 3:24 0:26
Pius Suter 0 0 0 0 0 0 0 0 0 0 0/0 0:58 0:00 0:22
Ryan Murphy 0 0 0 0 0 2 3 2 1 0 0/0 20:26 2:30 0:56
Sam Steel 0 0 0 0 0 0 1 0 0 0 0/0 1:37 0:13 0:00
Stefan Elliott 0 2 2 1 2 3 1 1 1 1 0/0 26:37 4:09 1:11
Tomas Tatar 1 1 2 0 0 5 4 0 0 0 3/6 28:15 3:30 1:46
Tyler Motte 0 0 0 0 0 0 0 0 0 0 0/0 3:26 0:24 0:00
Xavier Ouellet 0 0 0 -1 0 0 0 0 0 0 0/0 11:10 0:00 0:00
Zach Aston-Reese 0 0 0 0 0 0 0 0 0 0 0/0 6:05 0:00 0:00
Players Stats for Condors
Player Name G A P +/- PIM S H SB GA TA FO MP PP MP PK MP
------------------------------------------------------------------------------------
Adam Erne 0 1 1 0 0 2 2 0 0 0 0/0 11:56 1:04 0:00
Alexandre Carrier 0 0 0 0 0 0 0 0 0 0 0/0 12:42 0:00 1:22
Anton Slepyshev 0 1 1 0 0 3 1 0 1 0 0/0 20:35 1:38 3:32
Brett Lernout 0 0 0 0 0 0 2 1 0 1 0/0 10:35 0:00 0:03
Carl Gunnarsson 0 0 0 1 2 1 1 0 1 1 0/0 25:19 1:54 2:44
Chris Bigras 0 0 0 0 0 0 1 1 0 0 0/0 20:01 0:49 2:39
Christian Thomas 0 0 0 0 0 4 0 0 1 0 0/0 12:37 0:00 1:34
Connor Hurley 0 0 0 0 6 0 0 0 0 1 4/6 10:28 0:00 0:14
Daniel Zaar 1 0 1 1 0 3 1 1 1 0 0/0 17:44 1:38 0:00
Gustav Olofsson 0 0 0 0 0 0 0 1 0 0 0/0 8:17 0:00 0:26
Jesse Puljujarvi 0 0 0 0 0 0 1 0 0 0 0/0 13:47 0:01 0:00
Kiefer Sherwood 0 0 0 0 0 6 0 0 0 0 0/0 9:50 0:00 0:00
Louis Leblanc 0 0 0 0 0 1 2 0 1 0 1/1 13:18 0:06 0:48
Mark Jankowski 0 1 1 1 0 1 0 0 0 1 14/29 19:34 1:04 1:33
Philippe Myers 0 0 0 0 0 0 0 0 0 0 0/0 7:03 0:00 0:00
Robby Fabbri 0 0 0 1 0 1 4 1 0 0 1/3 20:42 1:04 2:07
Scott Mayfield 1 0 1 0 0 3 0 0 0 0 0/0 20:01 0:49 2:39
Tyler Bozak 1 0 1 0 0 6 1 0 0 1 7/14 20:32 1:34 3:30
Tyson Jost 0 0 0 0 0 0 0 0 0 0 0/0 12:15 0:00 0:00
Zac Leslie 0 1 1 1 2 3 3 2 0 1 0/0 26:00 1:54 3:25
3 Stars
1 - Jonathan Marchessault (Col)
2 - Tomas Tatar (Col)
3 - Daniel Zaar (Bak)
Power Play
Eagles - 2 on 5 Attempt(s) - 40.00%
Condors - 1 on 2 Attempt(s) - 50.00%
Penalty Kill
Eagles - 1 on 2 Attempt(s) - 50.00%
- Score 0 goal in Penalty Kill
Condors - 3 on 5 Attempt(s) - 60.00%
- Score 0 goal in Penalty Kill
Team Stat
Eagles - Hits : 23 - Faceoff Wins : 26 - Blocked Shots : 11 - Penalty Minutes : 4
Condors - Hits : 19 - Faceoff Wins : 27 - Blocked Shots : 7 - Penalty Minutes : 10
Official
Referees : Chris Schlenker and TJ Luxmore
Linesman : James Tobias and Shandor Alphonso
Game Notes
No Game Note
Finance
Level 1 -- Attendance: 1841 (92.05%) -- Ticket Income $64,435
Level 2 -- Attendance: 974 (97.40%) -- Ticket Income $14,610
Total Attendance: 2815 (93.83%)
Total Ticket Income: $79,045
Other Income: $3,952
Total Income: $82,997
Eagles
5 vs 5 Forward
Center Left Wing Right Wing Time % Phy DF OF
1 Jonathan Marchessault Tomas Tatar Nick Cousins 40 1 2 2
2 Drake Caggiula Daniel Carr Matteson Iacopelli 30 1 2 2
3 Jared McCann Joseph Blandisi Chris Calhan 20 1 2 2
4 Zach Aston-Reese Anthony Duclair Tomas Tatar 10 1 2 2
5 vs 5 Defense
Defense Defense Time % Phy DF OF
1 Jarred Tinordi Stefan Elliott 40 1 2 2
2 John Ramage Ryan Murphy 30 1 2 2
3 Connor Carrick Xavier Ouellet 20 1 2 2
4 Jonathan Racine Mark Friedman 10 1 2 2
PowerPlay Forward
Center Left Wing Right Wing Time % Phy DF OF
1 Jonathan Marchessault Tomas Tatar Nick Cousins 60 1 2 2
2 Drake Caggiula Daniel Carr Matteson Iacopelli 40 1 2 2
PowerPlay Defense
Defense Defense Time % Phy DF OF
1 Jarred Tinordi Stefan Elliott 60 1 2 2
2 John Ramage Ryan Murphy 40 1 2 2
Penalty Kill 4 Players Forward
Center Wing Time % Phy DF OF
1 Tomas Tatar Daniel Carr 60 1 2 2
2 Jonathan Marchessault Nick Cousins 40 1 2 2
Penalty Kill 4 Players Defense
Defense Defense Time % Phy DF OF
1 Jarred Tinordi Stefan Elliott 60 1 2 2
2 John Ramage Ryan Murphy 40 1 2 2
Penalty Kill - 3 Players Forward
Forward Time % Phy DF OF
1 Tomas Tatar 60 1 2 2
2 Daniel Carr 40 1 2 2
Penalty Kill - 3 Players Defense
Defense Defense Time % Phy DF OF
1 Jarred Tinordi Stefan Elliott 60 1 2 2
2 John Ramage Ryan Murphy 40 1 2 2
4 vs 4 Forward
Center Wing Time % Phy DF OF
1 Tomas Tatar Daniel Carr 60 1 2 2
2 Jonathan Marchessault Nick Cousins 40 1 2 2
4 vs 4 Defense
Defense Defense Time % Phy DF OF
1 Jarred Tinordi Stefan Elliott 60 1 2 2
2 John Ramage Ryan Murphy 40 1 2 2
Last Minutes Offensive
Center Left Wing Right Wing Defense Defense
Jonathan Marchessault Tomas Tatar Nick Cousins Jarred Tinordi Stefan Elliott
Last Minutes Defensive
Center Left Wing Right Wing Defense Defense
Jonathan Marchessault Tomas Tatar Nick Cousins Jarred Tinordi Stefan Elliott
Goaltenders
Starting : Marek Mazanek
Backup : Antoine Bibeau
Extra Forwards
Normal : Tyler Motte, Sam Steel, Pius Suter - PP : Tyler Motte, Sam Steel - PK : Pius Suter
Extra Defensemen
Normal : Keaton Middleton, Max Lajoie, Connor Carrick - PP : Keaton Middleton - PK : Max Lajoie, Connor Carrick
Penalty Shots
Tomas Tatar, Daniel Carr, Jonathan Marchessault, Nick Cousins, Drake Caggiula
Scratches
Dominik Kubalik (Healthy), Pascal Laberge (Healthy), Adin Hill (Healthy)
Condors
5 vs 5 Forward
Center Left Wing Right Wing Time % Phy DF OF
1 Mark Jankowski Robby Fabbri Daniel Zaar 40 1 2 2
2 Tyler Bozak Anton Slepyshev Jesse Puljujarvi 30 1 2 2
3 Louis Leblanc Tyson Jost Adam Erne 20 1 2 2
4 Connor Hurley Christian Thomas Kiefer Sherwood 10 1 2 2
5 vs 5 Defense
Defense Defense Time % Phy DF OF
1 Carl Gunnarsson Zac Leslie 40 1 2 2
2 Chris Bigras Scott Mayfield 30 1 2 2
3 Brett Lernout Alexandre Carrier 20 1 2 2
4 Gustav Olofsson Philippe Myers 10 1 2 2
PowerPlay Forward
Center Left Wing Right Wing Time % Phy DF OF
1 Tyler Bozak Anton Slepyshev Daniel Zaar 60 1 2 2
2 Mark Jankowski Robby Fabbri Adam Erne 40 1 2 2
PowerPlay Defense
Defense Defense Time % Phy DF OF
1 Carl Gunnarsson Zac Leslie 60 1 2 2
2 Chris Bigras Scott Mayfield 40 1 2 2
Penalty Kill 4 Players Forward
Center Wing Time % Phy DF OF
1 Tyler Bozak Anton Slepyshev 60 1 2 2
2 Mark Jankowski Robby Fabbri 40 1 2 2
Penalty Kill 4 Players Defense
Defense Defense Time % Phy DF OF
1 Carl Gunnarsson Zac Leslie 60 1 2 2
2 Chris Bigras Scott Mayfield 40 1 2 2
Penalty Kill - 3 Players Forward
Forward Time % Phy DF OF
1 Tyler Bozak 60 1 2 2
2 Mark Jankowski 40 1 2 2
Penalty Kill - 3 Players Defense
Defense Defense Time % Phy DF OF
1 Carl Gunnarsson Zac Leslie 60 1 2 2
2 Chris Bigras Scott Mayfield 40 1 2 2
4 vs 4 Forward
Center Wing Time % Phy DF OF
1 Tyler Bozak Anton Slepyshev 60 1 2 2
2 Mark Jankowski Robby Fabbri 40 1 2 2
4 vs 4 Defense
Defense Defense Time % Phy DF OF
1 Carl Gunnarsson Zac Leslie 60 1 2 2
2 Chris Bigras Scott Mayfield 40 1 2 2
Last Minutes Offensive
Center Left Wing Right Wing Defense Defense
Tyler Bozak Anton Slepyshev Daniel Zaar Carl Gunnarsson Zac Leslie
Last Minutes Defensive
Center Left Wing Right Wing Defense Defense
Tyler Bozak Anton Slepyshev Daniel Zaar Carl Gunnarsson Zac Leslie
Goaltenders
Starting : Carter Hart
Backup : Mark Visentin
Extra Forwards
Normal : Robby Fabbri, Louis Leblanc, Tyson Jost - PP : Robby Fabbri, Louis Leblanc - PK : Robby Fabbri
Extra Defensemen
Normal : Alexandre Carrier, Gustav Olofsson, Philippe Myers - PP : Alexandre Carrier - PK : Alexandre Carrier, Gustav Olofsson
Penalty Shots
Tyler Bozak, Anton Slepyshev, Mark Jankowski, Daniel Zaar, Robby Fabbri
Scratches
Anders Bjork (Healthy), Cole Cassels (Healthy), Colin White (Healthy), Emil Djuse (Healthy), Jeremy Gregoire (Healthy)
Jordan Subban (Healthy), Nick Merkley (Healthy), Remi Elie (Healthy), Nikolai Knyzhov (Healthy), Lucas Johansen (Healthy)
Jack Campbell (Healthy)
% Time on Ice - Eagles
Lines # - Real PCT - Wanted PCT - Time Play
Normal Forward
1 - 33% - 40% - 16:40
2 - 28% - 30% - 13:58
3 - 27% - 20% - 13:55
4 - 12% - 10% - 6:05
Normal Defense
1 - 38% - 40% - 19:20
2 - 30% - 30% - 15:03
3 - 22% - 20% - 11:10
4 - 10% - 10% - 5:05
PP Forward
1 - 55% - 60% - 3:39
2 - 45% - 40% - 3:00
PP Defense
1 - 62% - 60% - 4:09
2 - 38% - 40% - 2:30
PK Forward
1 - 84% - 60% - 2:17
2 - 16% - 40% - 0:26
PK Defense
1 - 66% - 60% - 1:47
2 - 34% - 40% - 0:56
PK3 Forward
1 - 0% - 60%
2 - 0% - 40%
PK3 Defense
1 - 0% - 60%
2 - 0% - 40%
44 Forward
1 - 75% - 60% - 3:45
2 - 25% - 40% - 1:15
44 Defense
1 - 52% - 60% - 2:37
2 - 48% - 40% - 2:23
Last Minute Offensive - 0:00
Last Minute Defensive - 0:00
Total
Forward - 65:00
Defense - 65:00
|
% Time on Ice - Condors
Lines # - Real PCT - Wanted PCT - Time Play
Normal Forward
1 - 33% - 40% - 16:29
2 - 27% - 30% - 13:27
3 - 21% - 20% - 10:52
4 - 19% - 10% - 9:50
Normal Defense
1 - 37% - 40% - 18:54
2 - 29% - 30% - 14:30
3 - 20% - 20% - 10:11
4 - 14% - 10% - 7:03
PP Forward
1 - 61% - 60% - 1:39
2 - 39% - 40% - 1:04
PP Defense
1 - 70% - 60% - 1:54
2 - 30% - 40% - 0:49
PK Forward
1 - 77% - 60% - 5:06
2 - 23% - 40% - 1:33
PK Defense
1 - 60% - 60% - 4:00
2 - 40% - 40% - 2:39
PK3 Forward
1 - 0% - 60%
2 - 0% - 40%
PK3 Defense
1 - 0% - 60%
2 - 0% - 40%
44 Forward
1 - 83% - 60% - 4:09
2 - 17% - 40% - 0:51
44 Defense
1 - 59% - 60% - 2:57
2 - 41% - 40% - 2:03
Last Minute Offensive - 0:00
Last Minute Defensive - 0:00
Total
Forward - 65:00
Defense - 65:00
|
Play-by-Play
1st period
0:01 of 1st period - Mark Jankowski wins face-off versus Jonathan Marchessault in neutral zone.
0:30 of 1st period - Backhand shot by Tyler Bozak.
0:30 of 1st period - Stopped by Marek Mazanek with a rebound.
0:32 of 1st period - Snap shot by Carl Gunnarsson.
0:32 of 1st period - Stopped by Marek Mazanek with a rebound.
0:46 of 1st period - Chris Calhan is hit by Louis Leblanc.
1:31 of 1st period - Off-side.
1:32 of 1st period - Drake Caggiula wins face-off versus Mark Jankowski in neutral zone.
2:03 of 1st period - Slapshot by Drake Caggiula.
2:03 of 1st period - Stopped by Carter Hart without a rebound.
2:04 of 1st period - Jonathan Marchessault wins face-off versus Tyler Bozak in Condors zone.
2:05 of 1st period - Snap shot by Tomas Tatar.
2:05 of 1st period - Deflect By Jonathan Marchessault.
2:05 of 1st period - Stopped by Carter Hart with a rebound.
2:07 of 1st period - Wrist shot by Tomas Tatar.
2:07 of 1st period - Stopped by Carter Hart with a rebound.
2:29 of 1st period - Tyson Jost is hit by Jarred Tinordi and loses puck.
2:55 of 1st period - Brett Lernout is hit by Connor Carrick and loses puck.
3:49 of 1st period - Off-side.
3:50 of 1st period - Jonathan Marchessault wins face-off versus Mark Jankowski in neutral zone.
3:59 of 1st period - Daniel Zaar is hit by Jarred Tinordi.
4:43 of 1st period - Snap shot by Stefan Elliott.
4:43 of 1st period - Stopped by Carter Hart with a rebound.
4:45 of 1st period - Backhand shot by Drake Caggiula.
4:45 of 1st period - Shot Misses the Net.
4:47 of 1st period - Wrist shot by Stefan Elliott.
4:47 of 1st period - Shot Blocked by Zac Leslie.
5:53 of 1st period - Snap shot by Mark Jankowski.
5:53 of 1st period - Deflect By Anton Slepyshev.
5:53 of 1st period - Stopped by Marek Mazanek without a rebound.
5:54 of 1st period - Tyler Bozak wins face-off versus Jared McCann in Eagles zone.
6:17 of 1st period - Chris Bigras is hit by Joseph Blandisi and loses puck.
6:38 of 1st period - Wrist shot by Joseph Blandisi.
6:38 of 1st period - Stopped by Carter Hart without a rebound.
6:39 of 1st period - Jonathan Marchessault wins face-off versus Mark Jankowski in Condors zone.
7:06 of 1st period - Drake Caggiula is hit by Zac Leslie and loses puck.
7:31 of 1st period - Wrist shot by Kiefer Sherwood.
7:31 of 1st period - Stopped by Marek Mazanek without a rebound.
7:32 of 1st period - Nick Cousins wins face-off versus Connor Hurley in Eagles zone.
7:42 of 1st period - Slapshot by Kiefer Sherwood.
7:42 of 1st period - Stopped by Marek Mazanek without a rebound.
7:43 of 1st period - Mark Jankowski wins face-off versus Nick Cousins in Eagles zone.
8:55 of 1st period - Snap shot by Adam Erne.
8:55 of 1st period - Shot Misses the Net.
8:57 of 1st period - Slapshot by Scott Mayfield.
8:57 of 1st period - Stopped by Marek Mazanek with a rebound.
8:59 of 1st period - Slapshot by Scott Mayfield.
8:59 of 1st period - Stopped by Marek Mazanek without a rebound.
9:00 of 1st period - Drake Caggiula wins face-off versus Mark Jankowski in Eagles zone.
9:54 of 1st period - Slapshot by Alexandre Carrier.
9:54 of 1st period - Shot Blocked by Connor Carrick.
9:56 of 1st period - Snap shot by Alexandre Carrier.
9:56 of 1st period - Shot Misses the Net.
10:06 of 1st period - Tyler Motte is hit by Adam Erne and loses puck.
10:35 of 1st period - Wrist shot by Daniel Zaar.
10:35 of 1st period - Stopped by Marek Mazanek without a rebound.
10:36 of 1st period - Drake Caggiula wins face-off versus Mark Jankowski in Eagles zone.
11:00 of 1st period - Scott Mayfield is hit by Tomas Tatar.
11:23 of 1st period - Snap shot by Tyler Bozak.
11:23 of 1st period - Shot Misses the Net.
12:10 of 1st period - Wrist shot by Christian Thomas.
12:10 of 1st period - Stopped by Marek Mazanek without a rebound.
12:11 of 1st period - Mark Jankowski wins face-off versus Drake Caggiula in Eagles zone.
12:18 of 1st period - Drake Caggiula is hit by Carl Gunnarsson and loses puck.
12:51 of 1st period - Slapshot by Louis Leblanc.
12:51 of 1st period - Shot Misses the Net.
13:03 of 1st period - Wrist shot by Kiefer Sherwood.
13:03 of 1st period - Shot Misses the Net.
13:05 of 1st period - Wrist shot by Kiefer Sherwood.
13:05 of 1st period - Stopped by Marek Mazanek without a rebound.
13:06 of 1st period - Connor Hurley wins face-off versus Drake Caggiula in Eagles zone.
14:53 of 1st period - Snap shot by Nick Cousins.
14:53 of 1st period - Stopped by Carter Hart with a rebound.
14:57 of 1st period - Slapshot by Nick Cousins.
14:57 of 1st period - Stopped by Carter Hart with a rebound.
15:08 of 1st period - Off-side.
15:09 of 1st period - Tyler Bozak wins face-off versus Drake Caggiula in neutral zone.
15:12 of 1st period - Slapshot by Anton Slepyshev.
15:12 of 1st period - Stopped by Marek Mazanek with a rebound.
16:49 of 1st period - Snap shot by Connor Carrick.
16:49 of 1st period - Stopped by Carter Hart without a rebound.
16:50 of 1st period - Jonathan Marchessault wins face-off versus Mark Jankowski in Condors zone.
16:53 of 1st period - Wrist shot by Tomas Tatar.
16:53 of 1st period - Stopped by Carter Hart without a rebound.
16:54 of 1st period - Mark Jankowski wins face-off versus Jonathan Marchessault in Condors zone.
17:43 of 1st period - Wrist shot by Tomas Tatar.
17:43 of 1st period - Deflect By Anthony Duclair.
17:43 of 1st period - Shot Misses the Net.
17:43 of 1st period - Puck is out of play.
17:44 of 1st period - Connor Hurley wins face-off versus Jonathan Marchessault in Condors zone.
17:44 of 1st period - Connor Hurley is hit by Tomas Tatar.
17:52 of 1st period - Snap shot by Christian Thomas.
17:52 of 1st period - Shot Misses the Net.
17:54 of 1st period - Slapshot by Alexandre Carrier.
17:54 of 1st period - Deflect By Kiefer Sherwood.
17:54 of 1st period - Stopped by Marek Mazanek with a rebound.
17:56 of 1st period - Wrist shot by Christian Thomas.
17:56 of 1st period - Shot Misses the Net.
17:58 of 1st period - Slapshot by Kiefer Sherwood.
17:58 of 1st period - Shot Blocked by Jonathan Marchessault.
18:06 of 1st period - Slapshot by Christian Thomas.
18:06 of 1st period - Stopped by Marek Mazanek with a rebound.
18:08 of 1st period - Wrist shot by Kiefer Sherwood.
18:08 of 1st period - Shot Misses the Net.
18:10 of 1st period - Slapshot by Christian Thomas.
18:10 of 1st period - Stopped by Marek Mazanek with a rebound.
18:30 of 1st period - Wrist shot by Kiefer Sherwood.
18:30 of 1st period - Shot Misses the Net.
18:44 of 1st period - Slapshot by Connor Hurley.
18:44 of 1st period - Shot Blocked by Jarred Tinordi.
18:46 of 1st period - Slapshot by Zac Leslie.
18:46 of 1st period - Stopped by Marek Mazanek with a rebound.
18:48 of 1st period - Wrist shot by Zac Leslie.
18:48 of 1st period - Stopped by Marek Mazanek with a rebound.
18:50 of 1st period - Slapshot by Zac Leslie.
18:50 of 1st period - Shot Blocked by Stefan Elliott.
19:45 of 1st period - Snap shot by Tomas Tatar.
19:45 of 1st period - Shot Misses the Net.
19:47 of 1st period - Slapshot by Stefan Elliott.
19:47 of 1st period - Shot Blocked by Brett Lernout.
19:49 of 1st period - Slapshot by Jarred Tinordi.
19:49 of 1st period - Stopped by Carter Hart without a rebound.
19:50 of 1st period - Mark Jankowski wins face-off versus Drake Caggiula in Condors zone.
Goals for this period are 0 for Eagles vs 0 for Condors.
Shots for this period are 10 for Eagles vs 16 for Condors.
2nd period
0:01 of 2nd period - Jonathan Marchessault wins face-off versus Mark Jankowski in neutral zone.
0:26 of 2nd period - Snap shot by Joseph Blandisi.
0:26 of 2nd period - Stopped by Carter Hart with a rebound.
0:32 of 2nd period - Wrist shot by Daniel Zaar.
0:32 of 2nd period - Goal by Daniel Zaar - Eagles : 0 - Condors : 1.
0:33 of 2nd period - Tomas Tatar wins face-off versus Mark Jankowski in neutral zone.
0:59 of 2nd period - Tyler Bozak is hit by Drake Caggiula.
1:20 of 2nd period - Off-side.
1:21 of 2nd period - Louis Leblanc wins face-off versus Jared McCann in neutral zone.
1:26 of 2nd period - Wrist shot by Louis Leblanc.
1:26 of 2nd period - Shot Blocked by Ryan Murphy.
1:36 of 2nd period - Snap shot by Ryan Murphy.
1:36 of 2nd period - Stopped by Carter Hart without a rebound.
1:37 of 2nd period - Mark Jankowski wins face-off versus Jonathan Marchessault in Condors zone.
1:37 of 2nd period - Mark Jankowski is hit by Stefan Elliott.
1:55 of 2nd period - Jonathan Marchessault is hit by Zac Leslie and loses puck.
1:59 of 2nd period - Jarred Tinordi is hit by Zac Leslie and loses puck.
2:06 of 2nd period - Minor Penalty to Carl Gunnarsson for Hooking.
2:07 of 2nd period - Jonathan Marchessault wins face-off versus Tyler Bozak in Condors zone.
2:38 of 2nd period - Tyler Bozak is hit by Ryan Murphy and loses puck.
3:05 of 2nd period - Scott Mayfield is hit by Tomas Tatar.
4:06 of 2nd period - Penalty to Carl Gunnarsson is over, Carl Gunnarsson is back on ice.
4:16 of 2nd period - Snap shot by Louis Leblanc.
4:16 of 2nd period - Shot Misses the Net.
4:48 of 2nd period - Slapshot by Stefan Elliott.
4:48 of 2nd period - Shot Misses the Net.
4:50 of 2nd period - Snap shot by Jarred Tinordi.
4:50 of 2nd period - Stopped by Carter Hart with a rebound.
4:52 of 2nd period - Slapshot by Stefan Elliott.
4:52 of 2nd period - Shot Misses the Net.
5:02 of 2nd period - Wrist shot by Anton Slepyshev.
5:02 of 2nd period - Shot Blocked by Matteson Iacopelli.
6:20 of 2nd period - Snap shot by Adam Erne.
6:20 of 2nd period - Stopped by Marek Mazanek with a rebound.
6:38 of 2nd period - Snap shot by Kiefer Sherwood.
6:38 of 2nd period - Shot Blocked by John Ramage.
6:40 of 2nd period - Wrist shot by Connor Hurley.
6:40 of 2nd period - Shot Blocked by Ryan Murphy.
6:56 of 2nd period - Wrist shot by Tyler Bozak.
6:56 of 2nd period - Stopped by Marek Mazanek with a rebound.
6:58 of 2nd period - Snap shot by Tyler Bozak.
6:58 of 2nd period - Stopped by Marek Mazanek without a rebound.
6:59 of 2nd period - Jared McCann wins face-off versus Mark Jankowski in Eagles zone.
8:27 of 2nd period - Snap shot by Kiefer Sherwood.
8:27 of 2nd period - Stopped by Marek Mazanek with a rebound.
8:57 of 2nd period - Slapshot by Tyler Bozak.
8:57 of 2nd period - Goal by Tyler Bozak - Eagles : 0 - Condors : 2.
8:58 of 2nd period - Mark Jankowski wins face-off versus Drake Caggiula in neutral zone.
9:01 of 2nd period - Slapshot by Zac Leslie.
9:01 of 2nd period - Shot Misses the Net.
9:13 of 2nd period - Slapshot by Stefan Elliott.
9:13 of 2nd period - Stopped by Carter Hart with a rebound.
9:53 of 2nd period - Snap shot by Joseph Blandisi.
9:53 of 2nd period - Stopped by Carter Hart with a rebound.
10:27 of 2nd period - Ryan Murphy is hit by Robby Fabbri and loses puck.
11:06 of 2nd period - Joseph Blandisi is hit by Brett Lernout and loses puck.
11:57 of 2nd period - Off-side.
11:58 of 2nd period - Mark Jankowski wins face-off versus Jared McCann in neutral zone.
12:11 of 2nd period - Mark Jankowski is hit by Jarred Tinordi and loses puck.
12:42 of 2nd period - Snap shot by Joseph Blandisi.
12:42 of 2nd period - Shot Blocked by Gustav Olofsson.
12:44 of 2nd period - Slapshot by Jarred Tinordi.
12:44 of 2nd period - Stopped by Carter Hart without a rebound.
12:45 of 2nd period - Jonathan Marchessault wins face-off versus Robby Fabbri in Condors zone.
12:48 of 2nd period - Wrist shot by Nick Cousins.
12:48 of 2nd period - Shot Misses the Net.
12:54 of 2nd period - Snap shot by Nick Cousins.
12:54 of 2nd period - Stopped by Carter Hart with a rebound.
12:56 of 2nd period - Slapshot by Tomas Tatar.
12:56 of 2nd period - Shot Misses the Net.
13:00 of 2nd period - Snap shot by Nick Cousins.
13:00 of 2nd period - Shot Blocked by Daniel Zaar.
13:29 of 2nd period - Icing by Zac Leslie.
13:30 of 2nd period - Jonathan Marchessault wins face-off versus Tyler Bozak in Condors zone.
13:41 of 2nd period - Wrist shot by Tomas Tatar.
13:41 of 2nd period - Goal by Tomas Tatar - Eagles : 1 - Condors : 2.
13:42 of 2nd period - Jonathan Marchessault wins face-off versus Mark Jankowski in neutral zone.
13:49 of 2nd period - Daniel Zaar is hit by Jarred Tinordi and loses puck.
13:56 of 2nd period - Wrist shot by Nick Cousins.
13:56 of 2nd period - Stopped by Carter Hart with a rebound.
14:15 of 2nd period - Slapshot by Jesse Puljujarvi.
14:15 of 2nd period - Shot Blocked by Drake Caggiula.
14:35 of 2nd period - Slapshot by Stefan Elliott.
14:35 of 2nd period - Stopped by Carter Hart without a rebound.
14:36 of 2nd period - Connor Hurley wins face-off versus Jonathan Marchessault in Condors zone.
15:39 of 2nd period - Off-side.
15:40 of 2nd period - Mark Jankowski wins face-off versus Jonathan Marchessault in neutral zone.
15:42 of 2nd period - Daniel Zaar is hit by Tomas Tatar.
15:46 of 2nd period - Nick Cousins is hit by Daniel Zaar and loses puck.
15:58 of 2nd period - Minor Penalty to Stefan Elliott for Tripping.
15:59 of 2nd period - Tomas Tatar wins face-off versus Tyler Bozak in Eagles zone.
16:23 of 2nd period - Jarred Tinordi is hit by Tyler Bozak and loses puck.
16:34 of 2nd period - Slapshot by Tyler Bozak.
16:34 of 2nd period - Stopped by Marek Mazanek without a rebound.
16:35 of 2nd period - Robby Fabbri wins face-off versus Tomas Tatar in Eagles zone.
16:38 of 2nd period - Snap shot by Mark Jankowski.
16:38 of 2nd period - Stopped by Marek Mazanek with a rebound.
16:40 of 2nd period - Snap shot by Adam Erne.
16:40 of 2nd period - Shot Misses the Net.
16:42 of 2nd period - Slapshot by Scott Mayfield.
16:42 of 2nd period - Goal by Scott Mayfield - Eagles : 1 - Condors : 3.
16:43 of 2nd period - Nick Cousins wins face-off versus Mark Jankowski in neutral zone.
16:46 of 2nd period - Snap shot by Tomas Tatar.
16:46 of 2nd period - Stopped by Carter Hart without a rebound.
16:47 of 2nd period - Jonathan Marchessault wins face-off versus Mark Jankowski in Condors zone.
17:21 of 2nd period - Tomas Tatar is hit by Adam Erne and loses puck.
17:44 of 2nd period - Snap shot by Tyler Bozak.
17:44 of 2nd period - Stopped by Marek Mazanek without a rebound.
17:45 of 2nd period - Jared McCann wins face-off versus Robby Fabbri in Eagles zone.
19:20 of 2nd period - Wrist shot by Drake Caggiula.
19:20 of 2nd period - Deflect By Daniel Carr.
19:20 of 2nd period - Shot Blocked by Robby Fabbri.
19:20 of 2nd period - Puck is out of play.
19:21 of 2nd period - Jonathan Marchessault wins face-off versus Tyler Bozak in Condors zone.
Goals for this period are 1 for Eagles vs 3 for Condors.
Shots for this period are 11 for Eagles vs 10 for Condors.
3rd period
0:01 of 3rd period - Mark Jankowski wins face-off versus Jonathan Marchessault in neutral zone.
0:57 of 3rd period - Snap shot by Adam Erne.
0:57 of 3rd period - Stopped by Marek Mazanek with a rebound.
1:13 of 3rd period - Slapshot by Jared McCann.
1:13 of 3rd period - Stopped by Carter Hart with a rebound.
1:15 of 3rd period - Snap shot by Chris Calhan.
1:15 of 3rd period - Stopped by Carter Hart with a rebound.
1:17 of 3rd period - Slapshot by Jarred Tinordi.
1:17 of 3rd period - Deflect By Alexandre Carrier.
1:17 of 3rd period - Stopped by Carter Hart with a rebound.
1:25 of 3rd period - Minor Penalty to Connor Hurley for Tripping.
1:26 of 3rd period - Tyler Bozak wins face-off versus Jonathan Marchessault in Condors zone.
2:17 of 3rd period - Daniel Carr is hit by Robby Fabbri and loses puck.
2:54 of 3rd period - Slapshot by Christian Thomas.
2:54 of 3rd period - Shot Misses the Net.
3:25 of 3rd period - Penalty to Connor Hurley is over, Connor Hurley is back on ice.
3:53 of 3rd period - Icing by Chris Calhan.
3:54 of 3rd period - Joseph Blandisi wins face-off versus Connor Hurley in Eagles zone.
4:17 of 3rd period - Joseph Blandisi is hit by Anton Slepyshev and loses puck.
5:16 of 3rd period - Snap shot by Anton Slepyshev.
5:16 of 3rd period - Shot Misses the Net.
5:29 of 3rd period - Icing by Chris Bigras.
5:30 of 3rd period - Connor Hurley wins face-off versus Joseph Blandisi in Condors zone.
5:39 of 3rd period - Snap shot by Jared McCann.
5:39 of 3rd period - Shot Blocked by Chris Bigras.
5:45 of 3rd period - Slapshot by Kiefer Sherwood.
5:45 of 3rd period - Stopped by Marek Mazanek with a rebound.
5:47 of 3rd period - Snap shot by Christian Thomas.
5:47 of 3rd period - Stopped by Marek Mazanek without a rebound.
5:48 of 3rd period - Mark Jankowski wins face-off versus Drake Caggiula in Eagles zone.
5:59 of 3rd period - Snap shot by Daniel Zaar.
5:59 of 3rd period - Stopped by Marek Mazanek with a rebound.
6:23 of 3rd period - Slapshot by Anton Slepyshev.
6:23 of 3rd period - Stopped by Marek Mazanek with a rebound.
6:35 of 3rd period - Tyson Jost is hit by Joseph Blandisi and loses puck.
6:42 of 3rd period - Jarred Tinordi is hit by Louis Leblanc.
6:57 of 3rd period - Minor Penalty to Connor Hurley for Tripping.
6:58 of 3rd period - Tyler Bozak wins face-off versus Jonathan Marchessault in Condors zone.
7:12 of 3rd period - Tyler Bozak is hit by John Ramage.
8:04 of 3rd period - Slapshot by Scott Mayfield.
8:04 of 3rd period - Shot Misses the Net.
8:06 of 3rd period - Slapshot by Carl Gunnarsson.
8:06 of 3rd period - Shot Misses the Net.
8:08 of 3rd period - Slapshot by Carl Gunnarsson.
8:08 of 3rd period - Shot Misses the Net.
8:20 of 3rd period - Louis Leblanc is hit by Nick Cousins and loses puck.
8:57 of 3rd period - Penalty to Connor Hurley is over, Connor Hurley is back on ice.
10:10 of 3rd period - Daniel Zaar is hit by Daniel Carr and loses puck.
11:32 of 3rd period - Minor Penalty to Zac Leslie for Holding.
11:33 of 3rd period - Tyler Bozak wins face-off versus Drake Caggiula in Condors zone.
12:04 of 3rd period - Slapshot by Jonathan Marchessault.
12:04 of 3rd period - Goal by Jonathan Marchessault - Eagles : 2 - Condors : 3.
12:05 of 3rd period - Jonathan Marchessault wins face-off versus Mark Jankowski in neutral zone.
12:40 of 3rd period - Backhand shot by Anton Slepyshev.
12:40 of 3rd period - Deflect By Daniel Carr.
12:40 of 3rd period - Shot Misses the Net.
12:40 of 3rd period - Puck is out of play.
12:41 of 3rd period - Drake Caggiula wins face-off versus Mark Jankowski in Eagles zone.
12:46 of 3rd period - Wrist shot by Ryan Murphy.
12:46 of 3rd period - Stopped by Carter Hart with a rebound.
12:48 of 3rd period - Snap shot by Daniel Carr.
12:48 of 3rd period - Deflect By Daniel Zaar.
12:48 of 3rd period - Shot Misses the Net.
12:48 of 3rd period - Puck is out of play.
12:49 of 3rd period - Drake Caggiula wins face-off versus Mark Jankowski in Condors zone.
12:56 of 3rd period - Slapshot by Daniel Carr.
12:56 of 3rd period - Deflect By Drake Caggiula.
12:56 of 3rd period - Shot Blocked by Zac Leslie.
12:56 of 3rd period - Puck is out of play.
12:57 of 3rd period - Mark Jankowski wins face-off versus Jonathan Marchessault in Condors zone.
13:06 of 3rd period - Snap shot by Robby Fabbri.
13:06 of 3rd period - Stopped by Marek Mazanek with a rebound.
13:22 of 3rd period - Zac Leslie is hit by Drake Caggiula and loses puck.
13:45 of 3rd period - Wrist shot by Adam Erne.
13:45 of 3rd period - Shot Blocked by Joseph Blandisi.
14:05 of 3rd period - Louis Leblanc is hit by Jonathan Marchessault and loses puck.
14:30 of 3rd period - Snap shot by Daniel Zaar.
14:30 of 3rd period - Shot Blocked by Daniel Carr.
14:32 of 3rd period - Slapshot by Zac Leslie.
14:32 of 3rd period - Stopped by Marek Mazanek with a rebound.
15:18 of 3rd period - Minor Penalty to Connor Hurley for Hooking.
15:19 of 3rd period - Jonathan Marchessault wins face-off versus Tyler Bozak in Condors zone.
15:28 of 3rd period - Wrist shot by Nick Cousins.
15:28 of 3rd period - Goal by Nick Cousins - Eagles : 3 - Condors : 3.
15:29 of 3rd period - Mark Jankowski wins face-off versus Jonathan Marchessault in neutral zone.
15:44 of 3rd period - Scott Mayfield is hit by Jonathan Marchessault and loses puck.
16:00 of 3rd period - Drake Caggiula is hit by Chris Bigras and loses puck.
16:44 of 3rd period - Off-side.
16:45 of 3rd period - Mark Jankowski wins face-off versus Jared McCann in neutral zone.
16:48 of 3rd period - Joseph Blandisi is hit by Brett Lernout and loses puck.
16:55 of 3rd period - Stefan Elliott is hit by Robby Fabbri and loses puck.
17:10 of 3rd period - Nick Cousins is hit by Jesse Puljujarvi and loses puck.
17:20 of 3rd period - Slapshot by Jonathan Marchessault.
17:20 of 3rd period - Shot Misses the Net.
17:36 of 3rd period - Wrist shot by Louis Leblanc.
17:36 of 3rd period - Stopped by Marek Mazanek with a rebound.
17:41 of 3rd period - Minor Penalty to Connor Carrick for Hooking.
17:42 of 3rd period - Tyler Bozak wins face-off versus Tomas Tatar in Eagles zone.
19:41 of 3rd period - Penalty to Connor Carrick is over, Connor Carrick is back on ice.
Goals for this period are 2 for Eagles vs 0 for Condors.
Shots for this period are 6 for Eagles vs 8 for Condors.
Overtime #1
0:01 of 1st overtime period - Tomas Tatar wins face-off versus Tyler Bozak in neutral zone.
0:12 of 1st overtime period - Slapshot by Tomas Tatar.
0:12 of 1st overtime period - Stopped by Carter Hart without a rebound.
0:13 of 1st overtime period - Tyler Bozak wins face-off versus Tomas Tatar in Condors zone.
0:26 of 1st overtime period - Snap shot by Anton Slepyshev.
0:26 of 1st overtime period - Shot Misses the Net.
0:28 of 1st overtime period - Slapshot by Zac Leslie.
0:28 of 1st overtime period - Shot Misses the Net.
1:20 of 1st overtime period - Scott Mayfield is hit by Sam Steel and loses puck.
1:51 of 1st overtime period - Tyson Jost is hit by Ryan Murphy and loses puck.
2:16 of 1st overtime period - Anton Slepyshev is hit by Ryan Murphy and loses puck.
2:37 of 1st overtime period - Stefan Elliott is hit by Robby Fabbri and loses puck.
4:31 of 1st overtime period - Snap shot by Jonathan Marchessault.
4:31 of 1st overtime period - Shot Misses the Net.
Goals for this period are 0 for Eagles vs 0 for Condors.
Shots for this period are 1 for Eagles vs 0 for Condors.
ShootOut
5:00 of 1st overtime period - Round #1.
5:00 of 1st overtime period - Eagles, Tomas Tatar.
5:00 of 1st overtime period - Snap shot by Tomas Tatar.
5:00 of 1st overtime period - Shot Misses the Net.
5:00 of 1st overtime period - Condors, Tyler Bozak.
5:00 of 1st overtime period - Deke by Tyler Bozak.
5:00 of 1st overtime period - Stopped by Marek Mazanek.
5:00 of 1st overtime period - Round #2.
5:00 of 1st overtime period - Eagles, Daniel Carr.
5:00 of 1st overtime period - Snap shot by Daniel Carr.
5:00 of 1st overtime period - Shot Misses the Net.
5:00 of 1st overtime period - Condors, Anton Slepyshev.
5:00 of 1st overtime period - Backhand shot by Anton Slepyshev.
5:00 of 1st overtime period - Stopped by Marek Mazanek.
5:00 of 1st overtime period - Round #3.
5:00 of 1st overtime period - Eagles, Jonathan Marchessault.
5:00 of 1st overtime period - Snap shot by Jonathan Marchessault.
5:00 of 1st overtime period - Stopped by Carter Hart.
5:00 of 1st overtime period - Condors, Mark Jankowski.
5:00 of 1st overtime period - Deke by Mark Jankowski.
5:00 of 1st overtime period - Goal by Mark Jankowski.